Map: 로맨티사이드 - 래더

Players

Stats

  • Race: Protoss Protoss
  • Spawn Location: 11:00

Reynor - Winner!

  • Race: Zerg Zerg
  • Spawn Location: 5:00

Event: StayAtHome Story Cup #3

VOD

Have the link to the VOD?

Description

Time

  • Played on: March 12, 2021, 8:02 a.m.
  • Length: 8:37

All games in this series

Show
View Real Time Build Order
Export as new Build Order

Stats Protoss 

Build Orders: 1 Gate Expand, Oracle Opening, Chargelot Immortal 

Get SALT Encoding   

  12  0:00  Probe  
  13  0:13  Pylon  
  13  0:18  Probe (Chrono Boost)  
  14  0:27  Probe (Chrono Boost)  
  15  0:32  Probe  
  16  0:41  Gateway  
  16  0:44  Probe  
  16  0:47  Assimilator  
  17  0:57  Probe  
  18  1:09  Probe  
  19  1:21  Probe  
  20  1:28  Nexus  
  20  1:35  Cybernetics Core  
  20  1:37  Probe  
  21  1:43  Assimilator  
  21  1:49  Probe  
  22  1:54  Pylon  
  22  2:01  Probe  
  23  2:10  Adept (Chrono Boost)  
  23  2:14  Probe (Chrono Boost)  
  26  2:18  Stargate  
  27  2:23  Probe (Chrono Boost)  
  27  2:28  Probe (Chrono Boost), Warp Gate  
  27  2:32  Adept  
  30  2:41  Probe (Chrono Boost)  
  32  2:49  Probe (Chrono Boost)  
  32  2:50  Probe (Chrono Boost)  
  33  2:54  Void Ray (Chrono Boost)  
  33  2:55  Probe x2 (Chrono Boost)  
  39  3:07  Probe x2  
  39  3:09  Pylon  
  41  3:18  Gateway  
  41  3:19  Probe x2  
  43  3:30  Oracle  
  43  3:31  Probe x2  
  48  3:43  Probe  
  48  3:44  Probe  
  50  3:50  Nexus  
  50  3:52  Pylon  
  50  3:57  Probe (Chrono Boost)  
  50  4:00  Assimilator  
  50  4:02  Probe (Chrono Boost), Assimilator  
  52  4:07  Probe (Chrono Boost)  
  54  4:10  Stargate  
  54  4:11  Probe (Chrono Boost)  
  54  4:12  Probe (Chrono Boost)  
  55  4:17  Void Ray  
  55  4:19  Pylon  
  55  4:21  Probe  
  55  4:23  Probe  
  61  4:33  Probe  
  61  4:37  Probe  
  63  4:38  Pylon  
  64  4:45  Probe (Chrono Boost)  
  64  4:48  Robotics Facility  
  64  4:49  Probe (Chrono Boost)  
  64  4:50  Twilight Council, Forge  
  65  4:58  Probe (Chrono Boost), Void Ray  
  67  5:01  Probe (Chrono Boost)  
  73  5:07  Probe x2 (Chrono Boost)  
  73  5:09  Probe (Chrono Boost)  
  73  5:10  Void Ray  
  76  5:15  Probe (Chrono Boost)  
  76  5:17  Probe (Chrono Boost)  
  76  5:19  Probe (Chrono Boost)  
  81  5:22  Pylon  
  81  5:23  Assimilator  
  81  5:25  Probe (Chrono Boost), Protoss Ground Weapons Level 1 (Chrono Boost)  
  81  5:27  Probe (Chrono Boost)  
  81  5:28  Probe (Chrono Boost), Assimilator  
  84  5:31  Probe (Chrono Boost)  
  84  5:32  Probe (Chrono Boost)  
  86  5:36  Probe, Observer  
  86  5:39  Gateway  
  86  5:41  Gateway  
  86  5:42  Probe  
  89  5:43  Probe, Charge  
  89  5:48  Probe  
  91  5:52  Gateway  
  91  5:55  Probe  
  91  5:56  Gateway  
  92  5:57  Gateway  
  92  5:58  Gateway  
  92  6:01  Immortal (Chrono Boost)  
  92  6:07  Templar Archives  
  96  6:12  Pylon  
  96  6:15  Pylon  
  96  6:17  Shield Battery  
  96  6:18  Photon Cannon  
  96  6:23  Immortal  
  96  6:33  Pylon  
  96  6:34  Pylon x2  
  100  6:52  Nexus  
  100  6:53  Zealot x3  
  100  6:54  Pylon, High Templar x2, Zealot  
  108  6:55  High Templar x2  
  116  7:02  Immortal (Chrono Boost)  
  116  7:07  Psionic Storm  
  116  7:11  Pylon x2  
  116  7:14  Photon Cannon  
  116  7:15  Photon Cannon  
  116  7:20  Shield Battery  
  116  7:21  Shield Battery  
  116  7:26  Zealot  
  116  7:27  Zealot  
  116  7:29  Photon Cannon  
  120  7:34  Photon Cannon  
  120  7:35  Photon Cannon  
  120  7:37  Shield Battery  
  120  7:39  Immortal (Chrono Boost)  
  124  7:57  Phoenix (Chrono Boost)  
  115  8:08  Probe x3  
  101  8:23  Pylon  
  97  8:29  Pylon  
  97  8:32  Zealot x3  
Show
View Real Time Build Order
Export as new Build Order

Reynor Zerg - Winner!

Build Orders: Hatch First 

Get SALT Encoding   

  12  0:00  Drone  
  13  0:12  Overlord  
  13  0:16  Drone  
  14  0:30  Drone x2  
  16  0:48  Hatchery  
  15  0:50  Drone  
  15  0:54  Drone  
  17  0:58  Drone  
  18  1:08  Extractor  
  17  1:13  Spawning Pool  
  17  1:17  Drone  
  17  1:20  Drone  
  18  1:27  Drone  
  19  1:39  Drone  
  20  1:49  Overlord  
  20  2:01  Queen  
  20  2:02  Drone x2, Queen  
  26  2:12  Drone  
  26  2:13  Zergling x2  
  28  2:21  Drone  
  29  2:24  Drone, Metabolic Boost  
  30  2:32  Zergling x2  
  31  2:37  Hatchery  
  31  2:43  Overlord  
  30  2:44  Drone  
  30  2:49  Queen  
  33  2:53  Drone  
  33  2:55  Drone  
  33  2:57  Drone  
  36  3:04  Drone  
  36  3:05  Drone  
  38  3:12  Overlord  
  38  3:14  Drone x2  
  38  3:15  Overlord  
  38  3:18  Drone  
  41  3:23  Queen  
  41  3:25  Drone  
  44  3:30  Overlord  
  44  3:37  Drone  
  45  3:42  Drone x3  
  45  3:45  Queen  
  45  3:47  Drone  
  51  3:52  Drone x2  
  51  3:53  Drone, Spore Crawler  
  53  3:57  Queen  
  53  3:59  Drone x3  
  53  4:02  Drone x2  
  60  4:06  Overlord  
  60  4:10  Zergling x4  
  60  4:15  Drone x3  
  60  4:16  Drone  
  66  4:23  Overlord  
  66  4:24  Drone  
  66  4:25  Lair  
  66  4:26  Drone  
  66  4:29  Drone x2  
  70  4:32  Drone x2  
  70  4:36  Zergling x2  
  70  4:37  Spore Crawler  
  70  4:38  Drone  
  73  4:44  Extractor  
  73  4:45  Drone x3, Roach Warren  
  74  4:46  Extractor, Drone, Evolution Chamber  
  74  4:48  Drone x2  
  75  4:53  Drone  
  75  4:55  Extractor  
  75  4:56  Drone  
  75  4:57  Extractor  
  75  4:58  Drone x3  
  78  5:02  Drone  
  78  5:04  Queen  
  78  5:05  Overlord  
  78  5:06  Drone  
  82  5:12  Overlord  
  82  5:15  Overlord  
  82  5:18  Zerg Melee Weapons Level 1  
  81  5:23  Drone x3  
  81  5:25  Drone x2  
  81  5:26  Extractor  
  81  5:27  Drone  
  86  5:32  Hatchery  
  86  5:35  Spire  
  84  5:37  Queen  
  84  5:39  Drone  
  87  5:45  Zergling x8  
  87  5:46  Drone, Zergling x2  
  87  5:48  Queen  
  87  5:49  Spore Crawler  
  94  5:50  Overlord  
  94  5:56  Spore Crawler  
  93  6:00  Hatchery  
  93  6:03  Zergling x20  
  103  6:10  Queen  
  105  6:12  Overlord  
  105  6:15  Drone x6  
  111  6:18  Drone  
  111  6:21  Overlord  
  111  6:23  Drone x2  
  114  6:26  Overlord  
  114  6:31  Overlord  
  114  6:32  Drone x2  
  116  6:36  Queen  
  118  6:40  Overlord  
  118  6:50  Mutalisk x8  
  134  6:55  Mutalisk x2  
  134  6:57  Mutalisk  
  134  6:59  Mutalisk  
  134  7:01  Mutalisk  
  139  7:06  Mutalisk x2  
  145  7:08  Drone  
  145  7:12  Extractor  
  145  7:14  Zergling x2  
  145  7:15  Zergling x8  
  149  7:18  Extractor  
  149  7:19  Mutalisk x2  
  152  7:23  Zergling x4  
  152  7:24  Zergling x8  
  152  7:25  Zergling x2  
  159  7:32  Overlord  
  159  7:34  Drone  
  160  7:37  Drone, Hydralisk Den, Baneling Nest  
  160  7:40  Overlord  
  160  7:43  Drone  
  160  7:46  Overlord  
  160  7:54  Mutalisk x4  
  163  8:05  Drone x5  
  163  8:14  Hatchery  
Tags
 
Add a new tag
Caveats
  • Supply blocks, unpowered buildings, or Contaminate may cause inaccurate times.
  • Supply counts are checked every 10 seconds.